 Dungeon Crawl Stone Soup version 0.29.1-2-gbd0b4ee654 (webtiles) character file.

Game seed: 7559031228766400757

7123 GigaChad the Blocker (level 10, 0/91 HPs)
             Began as a Minotaur Fighter on Nov 21, 2022.
             Was a Priest of Okawaru.
             Incinerated by a smoke demon (4 damage)
             ... with a sticky flame
             ... on level 10 of the Dungeon.
             The game lasted 00:17:51 (10064 turns).

GigaChad the Blocker (Minotaur Fighter)            Turns: 10064, Time: 00:17:52

Health: 0/91       AC: 12    Str: 36    XL:     10   Next: 85%
Magic:  18/18      EV:  8    Int: 11    God:    Okawaru [***...]
Gold:   711        SH:  8    Dex:  9    Spells: 9/9 levels left

rFire   . . .      SeeInvis .   u - +9 trident of Infinity {drain, MP+9}
rCold   . . .      Faith    .   z - +2 buckler {rPois}
rNeg    . . .      Spirit   .   H - +0 plate armour
rPois   +          Reflect  .   (helmet restricted)
rElec   .          Harm     .   w - +1 cloak
rCorr   .          Rampage  .   S - +1 pair of gloves of Focus {*Corrode Str+4 Int+6}
Will    .....                   (no boots)
Stlth   ..........              j - amulet of the acrobat
HPRegen 0.25/turn               e - +4 ring of slaying
MPRegen 0.16/turn               p - +6 ring of strength

@: on fire, spiked, corroded, glowing
A: horns 2, retaliatory headbutt
a: Renounce Religion, Heroism


You were on level 10 of the Dungeon.
You worshipped Okawaru.
Okawaru was most pleased with you.
You visited 2 branches of the dungeon, and saw 11 of its levels.
You also visited: Sewer.

You collected 711 gold pieces.

Inventory:

Hand Weapons
 a - a +0 war axe
 u - the +9 trident of Infinity (weapon) {drain, MP+9}
   (You found it on level 3 of the Dungeon)

   A truly terrible weapon, it drains the life of any living foe it strikes.
   MP:        It affects your magic capacity (+9).
 v - a +0 broad axe
 y - a +4 quarterstaff of chaos
 B - a +0 great sword
 E - a +0 glaive
 I - a +2 flail of distortion
 M - a +0 arbalest
 O - a +0 battleaxe of flaming
Armour
 b - a +0 scale mail
 c - a +0 buckler
 m - a scarf of repulsion
 s - a +1 chain mail
 w - a +1 cloak (worn)
 z - a +2 buckler of poison resistance (worn)
 H - a +0 plate armour (worn)
 N - a +0 plate armour
 P - +0 steam dragon scales
 S - the +1 pair of gloves of Focus (worn) {*Corrode Str+4 Int+6}
   (You found it on level 10 of the Dungeon)

   Str:       It affects your strength (+4).
   Int:       It affects your intelligence (+6).
   *Corrode:  It may corrode you when you take damage.
Jewellery
 e - a +4 ring of slaying (left hand)
 j - an amulet of the acrobat (around neck)
 p - a +6 ring of strength (right hand)
 F - a ring of resist corrosion
Wands
 q - a wand of mindburst (22)
 Q - a wand of flame (7)
 R - a wand of polymorph (4)
Scrolls
 h - 7 scrolls of identify
 o - 3 scrolls of teleportation
 A - 2 scrolls of enchant armour
 D - 2 scrolls of immolation
 G - a scroll of silence
 J - 2 scrolls of blinking
 K - a scroll of amnesia
 L - a scroll of noise {unknown}
Potions
 d - a potion of might
 f - 3 potions of brilliance {unknown}
 g - a potion of attraction
 i - 2 potions of invisibility {unknown}
 k - 2 potions of magic {unknown}
 l - 6 potions of curing {unknown}
 n - a potion of haste {unknown}
 r - a potion of ambrosia {unknown}
 t - 2 potions of mutation {unknown}
 x - 2 potions of flight {unknown}
 C - a potion of degeneration {unknown}


   Skills:
 + Level 9.4 Fighting
 - Level 3.6(7.2) Axes
 - Level 9.9(10.2) Polearms
 + Level 11.1 Armour
 - Level 0.4 Dodging
 * Level 11.1 Shields


You had 9 spell levels left.
You didn't know any spells.
Your spell library contained the following spells:

 Spells                   Type           Power      Damage    Failure   Level
 Sandblast                Erth           0%         2d4       91%         1
 Ensorcelled Hibernation  Hex/Ice        0%         N/A       97%         2
 Passwall                 Tmut/Erth      0%         N/A       97%         2
 Static Discharge         Conj/Air       0%         3-3/arc   97%         2
 Ignite Poison            Fire/Tmut/Pois 0%         N/A       100%        3
 Mephitic Cloud           Conj/Pois/Air  0%         N/A       100%        3
 Spider Form              Tmut/Pois      0%         N/A       100%        3
 Stone Arrow              Conj/Erth      0%         3d7       100%        3
 Anguish                  Hex/Necr       0%         N/A       100%        4
 Dispel Undead            Necr           0%         3d6       100%        4
 Sticky Flame             Conj/Fire      0%         2d3       100%        4
 Freezing Cloud           Conj/Ice/Air   0%         6-21      100%        5
 Lehudib's Crystal Spear  Conj/Erth      0%         10d2      100%        8
 Animate Armour           Summ/Erth      Unusable   N/A       N/A         4
 Summon Forest            Summ/Tloc      Unusable   N/A       N/A         5
 Summon Mana Viper        Hex/Summ       Unusable   N/A       N/A         5
 Summon Cactus Giant      Summ           Unusable   N/A       N/A         6

Dungeon Overview and Level Annotations

Branches:
Dungeon (10/15)            Temple (1/1) D:7           Sewer (visited)
   Lair: D:8-11         Orc: D:9-12

Altars:
Ashenzari
Cheibriados
Elyvilon
Fedhas
Gozag
Hepliaklqana
Kikubaaqudgha
Makhleb
Nemelex Xobeh
Okawaru
Qazlal
Ru
Sif Muna
Trog
Uskayaw
Vehumet
Wu Jian
Xom
Yredelemnul
Zin
The Shining One

Shops:
D:4 *   D:8 (


Innate Abilities, Weirdness & Mutations

You have a pair of horns on your head.
You reflexively headbutt those who attack you in melee.


Message History

The barbs in your skin will harm you if you move.
Continue? [Y]es or [N]o only, please.
The barbs in your skin will harm you if you move.
Continue?
Okay, then.
You closely miss the red devil.
The red devil is lightly wounded.
You are engulfed in a cloud of scalding steam.
The kobold demonologist miscasts a cantrip.
The red devil hits you with a +0 demon trident!
* * * LOW HITPOINT WARNING * * *
Barbed spikes become lodged in your body.
You puncture the red devil! Your headbutt misses the red devil.
The red devil is heavily wounded.
You are engulfed in a cloud of scalding steam.
* * * LOW HITPOINT WARNING * * *
You block the red devil's attack.
You puncture the red devil!
The red devil is almost dead.
You are engulfed in a cloud of scalding steam.
* * * LOW HITPOINT WARNING * * *
You puncture the red devil!
You kill the red devil!
The red devil disappears in a puff of smoke!
You hit the smoke demon but do no damage.
The smoke demon gestures at you. The sticky flame hits you.
You are covered in liquid flames!
* * * LOW HITPOINT WARNING * * *
You puncture the smoke demon!
The smoke demon is moderately wounded.
You are covered in liquid flames!
* * * LOW HITPOINT WARNING * * *
The smoke demon hits you.
* * * LOW HITPOINT WARNING * * *
The smoke demon closely misses you. The smoke demon hits you.
* * * LOW HITPOINT WARNING * * *
You hit the smoke demon. Your headbutt misses the smoke demon.
The smoke demon is moderately wounded.
You are covered in liquid flames!
You die...

##### #.... #.### ####
#.# ..... #.###
....53##############....
....hK3@./..............
....hh############......
..... #....#### ....
#.....# . ### #.....#
#.....### # #....#... .
#....#.## ##'###...


You could see a soul eater (summoned), a kobold demonologist, a smoke demon
(summoned), 3 howler monkeys and an iron imp (summoned).

Vanquished Creatures
  2 two-headed ogres (D:10)
  A troll (D:9)
  2 hornets
  Prince Ribbit (D:5)
  A vampire (D:9)
  A shadow (D:9)
  A yak (D:9)
  Eustachio (D:5)
  2 steam dragons
  Edmund (D:5)
  Duvessa (D:4)
  A water moccasin (D:5)
  3 black bears
  An ice beast (D:7)
  2 sky beasts (D:7)
  4 orc warriors
  2 ogres
  2 centaurs
  2 kobold brigands
  3 phantoms
  4 bullfrogs
  A necrophage (D:5)
  A scorpion (D:7)
  3 wights (D:8)
  Dowan (D:4)
  16 killer bees
  A howler monkey (D:6)
  8 orc priests
  4 hounds
  A jelly (D:4)
  Crazy Yiuf (D:3)
  2 gnoll boudas (D:7)
  2 iguanas
  10 orc wizards
  10 gnolls (D:7)
  5 adders
  A shadow imp (D:7)
  An ufetubus (D:6)
  A worm (D:2)
  7 dart slugs
  19 orcs
  3 endoplasms
  8 giant cockroaches
  10 hobgoblins
  2 jackals (D:3)
  24 kobolds
  6 quokkas
  12 ball pythons
  5 bats
  7 frilled lizards
  13 goblins
  7 rats
230 creatures vanquished.

Vanquished Creatures (others)
  2 killer bees (D:8)
  A goblin (D:2)
  A kobold (D:1)
  20 plants (D:8)
24 creatures vanquished.

Grand Total: 254 creatures vanquished

Notes
Turn   | Place    | Note
-------+----------+-------------------------------------------
     0 | D:1      | GigaChad the Minotaur Fighter began the quest for the Orb.
     0 | D:1      | Reached XP level 1. HP: 19/19 MP: 0/0
   144 | D:1      | Reached XP level 2. HP: 25/27 MP: 1/1
   607 | D:1      | Found a faded altar of an unknown god.
   935 | D:2      | Reached XP level 3. HP: 23/33 MP: 2/2
  1566 | D:3      | Found an ornate altar of the Wu Jian Council.
  1584 | D:3      | Identified the +9 trident of Infinity {drain, MP+9}
  1616 | D:3      | Reached XP level 4. HP: 36/40 MP: 3/3
  1780 | D:3      | Found a runed translucent door.
  1781 | D:3      | Noticed Crazy Yiuf
  1944 | D:3      | Killed Crazy Yiuf
  1945 | D:3      | Reached skill level 1 in Polearms
  2221 | D:4      | Reached XP level 5. HP: 47/47 MP: 4/4
  2232 | D:4      | Found a shimmering altar of Xom.
  2313 | D:4      | Noticed Dowan
  2314 | D:4      | Noticed Duvessa
  2316 | D:4      | Killed Duvessa
  2317 | D:4      | Reached skill level 5 in Fighting
  2318 | D:4      | Killed Dowan
  2319 | D:4      | Reached skill level 5 in Armour
  2319 | D:4      | Reached XP level 6. HP: 56/56 MP: 5/5
  2795 | D:4      | Found a burning altar of Makhleb.
  2945 | D:4      | Found Vupy's Mass Market.
  3194 | D:4      | Reached skill level 5 in Polearms
  3228 | D:5      | Entered Level 5 of the Dungeon
  3269 | D:5      | Noticed Prince Ribbit
  3273 | D:5      | Reached XP level 7. HP: 61/61 MP: 6/6
  3281 | D:5      | Killed Prince Ribbit
  3486 | D:5      | Reached XP level 8. HP: 70/70 MP: 7/7
  3731 | D:5      | Noticed Edmund
  3738 | D:5      | Killed Edmund
  3892 | D:5      | Noticed Eustachio
  3942 | D:5      | Killed Eustachio
  4085 | D:5      | Noticed a kobold demonologist
  4527 | D:6      | Identified a scroll of acquirement
  4527 | D:6      | Acquired a +2 buckler of poison resistance
  4682 | D:6      | Found a glowing drain.
  4697 | Sewer    | Entered a sewer
  4941 | Sewer    | Reached skill level 5 in Shields
  5741 | D:7      | Reached XP level 9. HP: 70/78 MP: 8/8
  6566 | D:7      | Found a shimmering blue altar of Sif Muna.
  6609 | D:7      | Found a staircase to the Ecumenical Temple.
  6667 | Temple   | Entered the Ecumenical Temple
  6884 | Temple   | Became a worshipper of Warmaster Okawaru
  7075 | D:8      | Found a glowing silver altar of Zin.
  7075 | D:8      | Found a glowing golden altar of the Shining One.
  7082 | D:8      | Found a white marble altar of Elyvilon.
  7314 | D:8      | Found Jesuyhum's Weapon Shop.
  7336 | D:8      | Reached XP level 10. HP: 59/88 MP: 9/9
  7336 | D:8      | Found a hazy altar of Hepliaklqana.
  7574 | D:8      | Found a basalt altar of Yredelemnul.
  8137 | D:9      | Reached * piety under Okawaru
  8779 | D:9      | Reached skill level 10 in Shields
  8780 | D:9      | Reached ** piety under Okawaru
  8956 | D:9      | Reached skill level 10 in Armour
  9456 | D:10     | Entered Level 10 of the Dungeon
  9456 | D:10     | Noticed a two-headed ogre
  9462 | D:10     | Killed a two-headed ogre
  9788 | D:10     | Noticed a two-headed ogre
  9793 | D:10     | Killed a two-headed ogre
  9793 | D:10     | Reached *** piety under Okawaru
  9809 | D:10     | Identified the +1 pair of gloves of Focus {*Corrode Str+4
                  | Int+6}
  9826 | D:10     | Found a broken altar of Ashenzari.
 10047 | D:10     | Noticed a smoke demon
 10049 | D:10     | Noticed a rust devil
 10055 | D:10     | Noticed a soul eater
 10063 | D:10     | HP: 4/91 [smoke demon[a kobold demonologist] (2)]
 10064 | D:10     | Incinerated by a smoke demon

Illustrated notes

Levels and vault maps discovered:
D:1:      heliophobic_arrival_enchanted_forest, layout_basic,
          shapermc_ecumenical_altar_totnotflames, minmay_stone_trees_small
D:2:      layout_rooms
D:3:      layout_rooms, nicolae_wu_jian_wuxing_cycle,
          nicolae_elevator_lobby_plus, uniq_crazy_yiuf_cottage
D:4:      layout_basic, mainiacjoe_overflow_alcove_2,
          mainiacjoe_overflow_cross_hatched, minmay_parallelograms,
          minmay_shop_mass, uniq_duvessa
D:5:      layout_loops_corners, lightli_corner_chamber, uniq_prince_ribbit1,
          uniq_edmund, uniq_eustachio
D:6:      layout_layer_cave, portal_sewer_entry_b
D:7:      layout_rooms, kennysheep_orc_sif_temple, minmay_temple_entry_fiery,
          enter_bailey_5
D:8:      layout_loops_ring, good_gods_mini_temple, kennysheep_mini,
          nicolae_hepliaklqana_hazy_memory, serial_shops,
          nicolae_shop_bloodbath_and_beyond, corexii_hall_statues_i
D:9:      layout_stronghold, kennysheep_path_1
D:10:     layout_basic, mainiacjoe_overflow_surrounded_room,
          amcnicky_altar_gilded, uniq_maggie
Temple:   nicolae_temple_bog_church

Skill      XL: |  1  2  3  4  5  6  7  8  9 10 |
---------------+-------------------------------+-----
Shields        | 4 5 9 11 | 11.1
Armour         | 4 5 6 7 9 11 | 11.1
Fighting       | 4 5 6 8 9 |  9.4
Axes           | 3 |  3.6
Polearms       | 1 3 5 7 9 |  9.9
Dodging        | |  0.4

Action                   |  1- 3 |  4- 6 |  7- 9 | 10-12 || total
-------------------------+-------+-------+-------+-------++-------
Melee: War axe           |    51 |       |       |       ||    51
       Headbutt          |     5 |     3 |    25 |    13 ||    46
       Broad axe         |    10 |       |       |       ||    10
       Trident           |     5 |    35 |   185 |   110 ||   335
  Use: Scroll            |     4 |       |     9 |       ||    13
Armor: Scale mail        |    32 |       |       |       ||    32
       Chain mail        |    10 |    18 |    34 |       ||    62
       Plate armour      |       |       |    58 |    63 ||   121
Dodge: Dodged            |    78 |    28 |   151 |    52 ||   309
Block: Buckler           |    25 |    12 |    91 |    40 ||   168
